Map: Lerilak Crest

Players

Wintersc2 (Winter)

  • Race: Terran Terran

Zervas - Winner!

  • Race: Zerg Zerg

VOD

Have the link to the VOD?

Description

Time

  • Played on: April 4, 2015, 4:50 p.m.
  • Length: 9:22
Show
View Real Time Build Order
Export as new Build Order

Wintersc2 Terran 

Build Orders: 1/1/1, MMM Bio, Siege Tank Drop 

Get SALT Encoding   

  12  0:00  SCV  
  13  0:13  SCV  
  14  0:17  Supply Depot  
  14  0:25  SCV  
  15  0:34  Refinery  
  15  0:39  SCV  
  16  0:45  Barracks  
  16  0:51  SCV  
  17  1:03  SCV  
  18  1:16  SCV  
  19  1:31  Orbital Command  
  19  1:32  Marine  
  20  1:39  Factory  
  20  1:41  Supply Depot  
  20  1:55  Refinery  
  20  1:57  SCV  
  20  1:58  Marine  
  22  2:09  SCV  
  23  2:17  Marine  
  23  2:21  SCV  
  25  2:26  Factory Tech Lab  
  25  2:27  Starport  
  25  2:30  Supply Depot  
  25  2:33  SCV  
  26  2:46  Siege Tank  
  26  2:47  Marine  
  26  2:49  SCV  
  31  2:53  Supply Depot  
  31  3:03  Medivac  
  31  3:05  SCV  
  33  3:16  Marine  
  33  3:18  SCV  
  35  3:30  Command Center, SCV  
  35  3:32  Siege Tank  
  39  3:42  SCV  
  39  3:47  Barracks  
  40  3:49  Supply Depot  
  40  3:53  Marine  
  40  3:55  SCV  
  42  4:13  SCV  
  42  4:14  Medivac  
  42  4:15  Siege Tank  
  48  4:25  SCV  
  48  4:29  Barracks  
  49  4:32  Barracks  
  49  4:37  SCV  
  45  4:41  Marine  
  43  4:49  SCV  
  42  5:01  SCV  
  43  5:13  SCV  
  44  5:20  Barracks Reactor, Barracks Tech Lab  
  44  5:22  Barracks Reactor, Siege Tank, Engineering Bay, Medivac  
  49  5:33  SCV  
  49  5:34  Orbital Command  
  50  5:45  SCV  
  51  5:52  Marine  
  51  5:54  Stimpack, Marine  
  53  5:57  SCV  
  53  6:01  Marine x3  
  57  6:05  Starport Reactor  
  57  6:09  SCV  
  57  6:10  Marine  
  59  6:12  Marine  
  59  6:13  SCV  
  61  6:21  SCV  
  62  6:27  SCV  
  62  6:28  Marine x2  
  65  6:33  SCV  
  65  6:39  Missile Turret x2  
  67  6:40  SCV  
  67  6:41  Terran Infantry Weapons Level 1  
  67  6:49  Medivac  
  69  6:54  Marine  
  69  7:00  Supply Depot  
  69  7:01  Supply Depot  
  70  7:07  Missile Turret  
  70  7:09  Supply Depot  
  70  7:10  Refinery  
  70  7:13  Missile Turret  
  70  7:17  Marine  
  70  7:19  Marine  
  70  7:20  Marine  
  70  7:22  SCV  
  71  7:28  Marine x3  
  71  7:34  Marine  
  69  7:37  Cyclone, Marine  
  69  7:38  Medivac, Marine  
  69  7:39  Medivac  
  69  7:40  SCV  
  79  7:46  Marine x3  
  79  7:50  Missile Turret  
  82  7:52  Missile Turret, Marine  
  82  7:54  Combat Shields  
  82  7:55  Marine  
  82  7:56  Marine  
  85  8:00  Supply Depot  
  85  8:01  Supply Depot  
  85  8:04  Marine x3  
  88  8:10  Marine  
  89  8:12  Marine  
  89  8:14  Marine  
  91  8:22  Marine x3  
  93  8:30  Marine  
  94  8:46  Supply Depot  
  94  8:49  SCV, Marine x6  
  101  8:56  Supply Depot  
  101  8:58  Supply Depot  
Show
View Real Time Build Order
Export as new Build Order

Zervas Zerg - Winner!

Build Orders: Hatch First, Muta Ling Bane 

Get SALT Encoding   

  12  0:01  Drone  
  13  0:13  Overlord  
  13  0:19  Drone  
  14  0:32  Drone x2  
  16  0:35  Drone  
  17  0:53  Hatchery  
  16  0:58  Drone x2  
  18  1:08  Drone, Extractor  
  18  1:16  Spawning Pool  
  17  1:23  Drone  
  18  1:29  Drone  
  19  1:42  Overlord  
  19  1:56  Drone  
  20  2:01  Drone  
  20  2:04  Queen  
  20  2:06  Queen  
  20  2:07  Metabolic Boost  
  25  2:09  Zergling x2  
  26  2:16  Drone x2  
  28  2:23  Overlord  
  28  2:27  Drone  
  29  2:34  Drone  
  30  2:37  Overlord  
  30  2:48  Hatchery  
  30  2:50  Queen  
  31  2:52  Drone  
  31  2:58  Drone x2  
  34  3:02  Drone  
  35  3:10  Zergling x2  
  35  3:12  Drone  
  37  3:13  Overlord  
  37  3:16  Drone x4  
  41  3:20  Drone  
  41  3:21  Drone  
  43  3:28  Drone  
  43  3:30  Overlord  
  43  3:34  Queen  
  44  3:36  Zergling x4  
  48  3:43  Overlord  
  48  3:45  Zergling x4  
  50  3:50  Extractor  
  50  3:52  Baneling Nest  
  50  3:53  Zergling x2  
  48  4:01  Lair  
  45  4:04  Drone x5  
  49  4:13  Queen  
  51  4:17  Zergling x8  
  51  4:24  Overlord  
  54  4:27  Drone x2  
  55  4:36  Drone x2  
  56  4:40  Drone  
  56  4:41  Drone x3  
  60  4:46  Drone  
  60  4:47  Drone x3  
  60  4:51  Queen  
  66  4:55  Extractor  
  66  4:57  Drone x2  
  66  4:59  Drone  
  63  5:10  Drone x6  
  68  5:18  Spire  
  68  5:19  Overlord  
  68  5:20  Extractor  
  68  5:21  Zergling x2, Extractor  
  64  5:22  Zergling x2  
  64  5:24  Extractor  
  64  5:25  Zergling x2  
  64  5:26  Zergling x4  
  67  5:35  Drone  
  67  5:39  Zergling x4  
  67  5:40  Overlord  
  67  5:41  Drone  
  67  5:42  Drone  
  71  5:43  Drone x2  
  71  5:48  Overlord  
  73  5:54  Drone x2  
  75  5:59  Overseer  
  75  6:00  Zergling x2  
  76  6:07  Zergling x8  
  78  6:11  Drone  
  78  6:12  Drone x5  
  78  6:17  Overlord  
  84  6:22  Overlord  
  84  6:23  Drone  
  85  6:32  Mutalisk x5  
  95  6:40  Mutalisk x3  
  95  6:43  Zerg Flyer Weapons Level 1  
  95  6:45  Roach Warren  
  95  6:46  Evolution Chamber, Drone x3  
  102  6:48  Drone  
  102  6:50  Drone x2  
  102  6:51  Evolution Chamber  
  102  6:53  Drone x2  
  106  7:00  Overlord  
  106  7:01  Hatchery  
  106  7:03  Zergling x6  
  106  7:07  Drone x2  
  110  7:10  Overlord x2  
  110  7:12  Pneumatized Carapace  
  110  7:18  Mutalisk x3  
  116  7:25  Mutalisk  
  116  7:26  Mutalisk x2  
  122  7:40  Zergling x2  
  122  7:41  Zergling x8  
  127  7:51  Centrifical Hooks  
  127  7:52  Overlord  
  127  7:54  Zergling x2  
  127  7:55  Zergling x2  
  129  7:59  Queen  
  131  8:05  Mutalisk  
  131  8:06  Mutalisk  
  135  8:13  Baneling x6  
  135  8:14  Hatchery, Zergling x8  
  135  8:17  Drone x2  
  140  8:22  Infestation Pit  
  139  8:31  Mutalisk x2  
  143  8:36  Drone  
  143  8:37  Drone x3  
  143  8:38  Extractor  
  143  8:39  Extractor  
  145  8:43  Zergling x2, Queen  
  145  8:44  Zergling x12  
  145  8:45  Drone x2  
  145  8:46  Drone  
  157  8:52  Baneling x6  
  157  8:53  Baneling x5  
  154  9:03  Zergling x14  
  154  9:05  Baneling x6  
Tags
 
Add a new tag
Caveats
  • Supply blocks, unpowered buildings, or Contaminate may cause inaccurate times.
  • Supply counts are checked every 10 seconds.